 Dungeon Crawl Stone Soup version 0.24-a0-520-g8fd06ad0bc (webtiles) character file.

Game seed: 2035960992865594395

8289 CoolPlay the Cleaver (level 11, 91/91 HPs)
             Began as a Minotaur Fighter on July 25, 2019.
             Was an Elder of Ru.
             Quit the game on level 1 of the Lair of Beasts.
             The game lasted 00:23:23 (8193 turns).

CoolPlay the Cleaver (Minotaur Fighter)             Turns: 8193, Time: 00:23:24

Health: 91/91      AC: 11    Str: 24    XL:     11   Next: 7%
Magic:  10/10      EV: 12    Int:  5    God:    Ru [****..]
Gold:   446        SH: 15    Dex: 10    Spells: 10/10 levels left

rFire    x . .     SeeInvis .   w - +0 hand axe (venom)
rCold    x . .     Gourm    .   c - +1 shield
rNeg     . . .     Faith    .   B - +0 chain mail
rPois    .         Spirit   .   (helmet restricted)
rElec    .         Reflect  +   (no cloak)
rCorr    .         Harm     .   (no gloves)
MR       .....                  o - +1 pair of boots
Stlth    ..........             s - +2 amulet of reflection
HPRegen  0.25/turn              L - +5 ring of evasion
MPRegen  0.12/turn              O - ring of stealth

@: lightly drained
A: retaliatory headbutt, horns 2, frail 1, temperature sensitive
a: Draw Out Power, Power Leap, Renounce Religion


You were on level 1 of the Lair of Beasts.
You worshipped Ru.
Ru was greatly pleased with you.
You were not hungry.

You visited 2 branches of the dungeon, and saw 10 of its levels.

You collected 446 gold pieces.

Inventory:

Hand Weapons
 a - a +2 spear of freezing
 b - the +4 hunting sling "Jellyslayer" {velocity, Stlth+}
   (You found it on level 7 of the Dungeon)

   Any stone fired from it inflicts extra damage.
   It makes you more stealthy.
 g - the +6 quarterstaff of the Elven Halls {speed, +Blink rPois Str-5 Int+5, unknown}
   (You found it on level 1 of the Lair of Beasts)

   Attacks with this weapon are significantly faster.
   It affects your strength (-5).
   It affects your intelligence (+5).
   It protects you from poison.
   It lets you blink.
 k - a +1 short sword of speed
 m - a +0 falchion of electrocution
 r - a +2 antimagic dagger
 w - a +0 hand axe of venom (weapon)
 A - a +0 vampiric spear
 H - a +2 long sword of slicing
Missiles
 i - 174 stones
 j - 30 poisoned darts (quivered)
 q - 47 sling bullets
Armour
 c - a +1 shield (worn)
 o - a +1 pair of boots (worn)
 v - a cursed +0 robe
 y - the +1 leather armour "Veceejaf" {rElec rPois rF-}
   (You found it on level 6 of the Dungeon)

   It makes you vulnerable to fire.
   It insulates you from electricity.
   It protects you from poison.
 B - a +0 chain mail (worn)
 F - the +0 robe "Hounkot" {*Drain Int+6, unknown}
   (You found it on level 7 of the Dungeon)

   It affects your intelligence (+6).
   It causes draining when unequipped.
Jewellery
 l - an uncursed amulet of harm {unknown}
 p - an uncursed ring of resist corrosion
 s - a +2 amulet of reflection (around neck)
 J - an uncursed amulet of regeneration {unknown}
 L - a +5 ring of evasion (left hand)
 N - an uncursed ring of stealth
 O - a ring of stealth (right hand)
 Q - an uncursed ring of protection from cold {unknown}
Wands
 t - a wand of paralysis (8)
 C - a wand of digging (3)
Scrolls
 e - a scroll of magic mapping
 D - a scroll of torment {unknown}
 G - 2 scrolls of remove curse
 I - a scroll of blinking {unknown}
 K - a scroll of fear {unknown}
 M - a scroll of enchant weapon
 P - a scroll of fog
Potions
 h - 2 potions of heal wounds
 n - 2 potions of curing
 u - a potion of berserk rage {unknown}
 x - a potion of lignification {unknown}
 z - a potion of flight {unknown}
 E - 2 potions of ambrosia
Comestibles
 d - a chunk of flesh
 f - 16 rations


   Skills:
 + Level 11.0(10.8) Fighting
 - Level 4.1(4.0) Short Blades
 + Level 12.4(12.6) Axes
 - Level 4.9(9.4) Polearms
 - Level 3.6(3.5) Armour
 + Level 11.0(10.8) Shields


You had 10 spell levels left.
You didn't know any spells.
Your spell library contained the following spells:

 Spells                   Type           Power        Failure   Level  Hunger
 Magic Dart               Conj           #...         100%        1    ##.....
 Searing Ray              Conj           #.....       100%        2    ###....
 Dazzling Spray           Conj/Hex       #.....       100%        3    ####...
 Ignite Poison            Fire/Tmut/Pois #.......     100%        3    ####...
 Force Lance              Conj/Tloc      #.......     100%        4    #####..
 Fulminant Prism          Conj/Hex       #.........   100%        4    #####..
 Iskenderun's Mystic Bla  Conj           #.......     100%        4    #####..
 Fireball                 Conj/Fire      #.........   100%        5    ######.
 Bolt of Fire             Conj/Fire      #.........   100%        6    #######
 Ring of Flames           Chrm/Fire      #.........   100%        7    #######
 Ignition                 Fire           #.........   100%        8    #######


Dungeon Overview and Level Annotations

Branches:
Dungeon (9/15)             Temple (0/1) D:6            Lair (1/6) D:9
    Orc: D:9-12

Altars:
Dithmenos
Hepliaklqana
Makhleb
Nemelex Xobeh
Okawaru
Ru
Sif Muna
Vehumet
Wu Jian
Xom

Annotations:
D:5 Grinder
D:7 exclusions: 3 doors and 6 more exclusions


Innate Abilities, Weirdness & Mutations

You reflexively headbutt those who attack you in melee.
You have a pair of horns on your head.
You are frail. (-10% HP)
You are sensitive to extremes of temperature. (rF-, rC-)


Message History

No target in view!
No target in view!
No target in view!
No target in view!
No target in view!
No target in view!
No target in view!
No target in view!
No target in view!
No target in view!
No target in view!
You butcher the crocodile corpse.
d - a chunk of flesh You see here a crocodile skeleton. x2
P - a scroll of fog
Q - a bone ring You open the door.
A black mamba comes into view.
The black mamba hisses angrily.
There is an open door here.

##### ##
#######P#.#########.
#...................
#.................##
#...............####
#..###+..###........
##..###.#####....#...
#P..@......##....##..
##PS##.....##.....#..
#..##.....##....##..
#..#......##....#...
#..##.....#......#..
#.. ########....###.
#..P###P##......####
P...................
........†........


You could see a black mamba.

Vanquished Creatures
  A two-headed ogre (D:8)
  A spriggan (Lair:1)
  A black mamba (Lair:1)
  2 spiny frogs (Lair:1)
  A hornet (Lair:1)
  A yak (D:9)
  Eustachio (D:6)
  A water moccasin (Lair:1)
  5 porcupines
  4 orc warriors
  A sky beast (D:9)
  2 ice beasts
  An ogre (D:4)
  3 centaurs
  2 phantoms
  23 wolves
  4 crocodiles
  2 bullfrogs
  3 scorpions
  3 killer bees (D:7)
  3 wights (D:8)
  A crimson imp (D:6)
  2 bullfrog zombies (D:6)
  A quasit (D:7)
  2 hounds (D:4)
  A bullfrog skeleton (D:7)
  A centaur skeleton (D:6)
  3 orc priests
  5 orc wizards
  An iguana (D:7)
  Natasha (thrice) (D:3)
  12 worker ants
  A killer bee zombie (D:8)
  A hound zombie (D:5)
  A hound skeleton (D:7)
  9 gnolls
  4 adders
  2 shadow imps
  2 oozes
  2 worms (D:2)
  A dart slug (D:1)
  3 leopard geckos
  25 orcs
  3 giant cockroaches
  4 goblins
  5 hobgoblins
  4 jackals
  3 quokkas
  A ball python (D:3)
  5 bats
  5 frilled lizards
  A jackal skeleton (D:5)
  7 kobolds
  A leopard gecko zombie (D:7)
  4 rats
191 creatures vanquished.

Vanquished Creatures (others)
  An orc warrior (D:9)
  2 centaurs
  An adder (D:8)
  A fungus (D:9)
5 creatures vanquished.

Grand Total: 196 creatures vanquished

Notes
Turn   | Place    | Note
-------+----------+-------------------------------------------
     0 | D:1      | CoolPlay the Minotaur Fighter began the quest for the Orb.
     0 | D:1      | Reached XP level 1. HP: 19/19 MP: 0/0
   198 | D:1      | Reached XP level 2. HP: 27/27 MP: 1/1
  1088 | D:2      | Reached XP level 3. HP: 33/33 MP: 2/2
  1914 | D:3      | Noticed Natasha
  1921 | D:3      | Killed Natasha
  1921 | D:3      | Reached XP level 4. HP: 41/41 MP: 1/3
  2182 | D:3      | Noticed Natasha
  2187 | D:3      | Killed Natasha
  2560 | D:3      | Noticed Natasha
  2565 | D:3      | Killed Natasha
  2565 | D:3      | Reached skill level 5 in Fighting
  2565 | D:3      | Reached skill level 5 in Shields
  2565 | D:3      | Reached XP level 5. HP: 43/48 MP: 1/4
  3080 | D:4      | Found a burning altar of Makhleb.
  3105 | D:4      | Reached skill level 1 in Polearms
  3197 | D:4      | Reached XP level 6. HP: 56/56 MP: 1/5
  3220 | D:4      | Found a deep blue altar of Sif Muna.
  3223 | D:4      | Found a shimmering altar of Xom.
  3226 | D:4      | Found a sacrificial altar of Ru.
  3251 | D:4      | Became a worshipper of Ru the Awakened
  3899 | D:5      | Entered Level 5 of the Dungeon
  4229 | D:5      | Reached skill level 1 in Axes
  4244 | D:5      | Reached skill level 2 in Axes
  4244 | D:5      | Reached XP level 7. HP: 53/61 MP: 6/6
  4428 | D:5      | Reached skill level 3 in Axes
  4508 | D:5      | Reached skill level 4 in Axes
  4527 | D:5      | Found an ornate altar of the Wu Jian Council.
  4550 | D:5      | Reached skill level 5 in Axes
  4815 | D:6      | Got a shimmering leather armour
  4862 | D:6      | Identified the cursed +1 leather armour "Veceejaf" {rElec
                  | rPois rF-} (You found it on level 6 of the Dungeon)
  4886 | D:6      | Noticed Grinder
  5050 | D:6      | Reached skill level 6 in Axes
  5177 | D:6      | Noticed Eustachio
  5192 | D:6      | Killed Eustachio
  5192 | D:6      | Reached skill level 7 in Axes
  5192 | D:6      | Reached XP level 8. HP: 39/69 MP: 7/7
  5354 | D:6      | Found a staircase to the Ecumenical Temple.
  5368 | D:6      | Gained mutation: You are sensitive to extremes of
                  | temperature. (rF-, rC-) [Ru sacrifice]
  5368 | D:6      | Reached * piety under Ru
  5368 | D:6      | Reached ** piety under Ru
  5368 | D:6      | Reached *** piety under Ru
  5588 | D:6      | Reached skill level 8 in Axes
  5958 | D:7      | Noticed a hornet
  6012 | D:7      | Found a shadowy altar of Dithmenos.
  6012 | D:7      | Found a hazy altar of Hepliaklqana.
  6017 | D:7      | Found a sparkling altar of Nemelex Xobeh.
  6019 | D:7      | Found a radiant altar of Vehumet.
  6021 | D:7      | Found a faded altar of an unknown god.
  6226 | D:7      | Reached skill level 9 in Axes
  6318 | D:7      | Got a twisted hunting sling
  6343 | D:7      | Identified the +4 hunting sling "Jellyslayer" {velocity,
                  | Stlth+} (You found it on level 7 of the Dungeon)
  6496 | D:7      | Reached XP level 9. HP: 74/78 MP: 8/8
  6526 | D:7      | Got a faintly glowing robe
  7124 | D:8      | Noticed a two-headed ogre
  7167 | D:8      | Found an iron altar of Okawaru.
  7274 | D:8      | Reached skill level 10 in Axes
  7487 | D:8      | Killed a two-headed ogre
  7545 | D:9      | Reached XP level 10. HP: 85/91 MP: 9/9
  7561 | D:9      | Gained mutation: You are frail. (-10% HP) [Ru sacrifice]
  7561 | D:9      | Reached **** piety under Ru
  7575 | D:9      | Found a staircase to the Lair.
  7580 | Lair:1   | Entered Level 1 of the Lair of Beasts
  7586 | Lair:1   | Reached skill level 11 in Axes
  7589 | Lair:1   | Noticed a spriggan rider
  7611 | Lair:1   | Killed a spriggan rider
  7611 | Lair:1   | Reached skill level 10 in Fighting
  7611 | Lair:1   | Reached skill level 10 in Shields
  7636 | D:9      | Reached skill level 12 in Axes
  7752 | Lair:1   | Noticed a spiny frog
  7758 | Lair:1   | Killed a spiny frog
  7855 | Lair:1   | Got a shimmering quarterstaff
  7904 | Lair:1   | Noticed a black mamba
  7913 | Lair:1   | Killed a black mamba
  7913 | Lair:1   | Reached XP level 11. HP: 65/90 MP: 10/10
  8193 | Lair:1   | Quit the game

Levels and vault maps discovered:
D:1:      lightli_arrival_windingriver, layout_loops_ring, st_stairs_6,
          serial_park_tiny_1
D:2:      layout_basic, minmay_heptomino_d4
D:3:      layout_loops_ring, st_stairs_7, minmay_misc_feat_columns, uniq_natasha
D:4:      layout_basic, kennysheep_mini_moat, grunt_temple_overflow_open,
          first_ration
D:5:      layout_rooms, kennysheep_little_box, serial_bayou_pond_d,
          grunt_ministairs_2, kennysheep_crisscross
D:6:      layout_basic, minmay_temple_entry_purple_smoke, uniq_grinder,
          uniq_eustachio
D:7:      layout_loops_corners, chequers_temple_overflow_minitemple
D:8:      minmay_goldmine, layout_rooms, okawaru_gym_becter, basic_altar,
          grunt_pizzeria
D:9:      layout_loops_corners, lemuel_doored_altar, trog_eyes_of_draining,
          grunt_lair_entry_orc_guard_hut, fedhas_altar_decomposition
Lair:1:   statuecave_lemuel, layout_regular_city, gammafunk_ghost_cemetery,
          grunt_forest_large_clearings, lemuel_fruit_fields

Skill      XL: |  1  2  3  4  5  6  7  8  9 10 11 |
---------------+----------------------------------+-----
Fighting       | 4 5 6 9 10 11 | 11.0
Shields        | 4 5 6 9 10 11 | 11.0
Short Blades   | 3 4 |  4.1
Polearms       | 2 4 |  4.9
Axes           | 2 7 9 10 12 | 12.4
Armour         | |  3.6

Action                   |  1- 3 |  4- 6 |  7- 9 | 10-12 || total
-------------------------+-------+-------+-------+-------++-------
Melee: Rapier            |    26 |       |       |       ||    26
       Headbutt          |    11 |    18 |    44 |    20 ||    93
       Short sword       |    44 |       |       |       ||    44
       Dagger            |    11 |    91 |       |       ||   102
       Spear             |       |    43 |   114 |    19 ||   176
       Hand axe          |       |       |   169 |    72 ||   241
 Fire: Hunting sling     |       |       |    41 |       ||    41
Throw: Dart              |    24 |    23 |     2 |       ||    49
Invok: Draw Out Power    |       |       |     2 |     5 ||     7
       Sacrifice Resista |       |       |     1 |       ||     1
       Power Leap        |       |       |       |     1 ||     1
       Sacrifice Health  |       |       |       |     1 ||     1
Evoke: Wand              |       |       |     1 |       ||     1
  Use: Scroll            |    10 |     3 |     7 |       ||    20
       Potion            |       |     5 |     6 |     4 ||    15
 Stab: Distracted        |       |       |     2 |       ||     2
       Invisible         |       |       |     2 |       ||     2
  Eat: Chunk             |     3 |     5 |     9 |     3 ||    20
       Ration            |       |     1 |       |       ||     1
Armor: Scale mail        |    23 |    17 |     1 |       ||    41
       Chain mail        |       |       |    57 |    17 ||    74
Dodge: Dodged            |    21 |    26 |    74 |    33 ||   154
Block: Shield            |    28 |    65 |   160 |    68 ||   321
       Reflection        |       |       |     7 |       ||     7

Table legend:
 A = Non-vault XP
 B = Vault XP
 C = Vault XP percentage of total XP
 D = Non-vault monster count
 E = Vault monster count
 F = Vault count percentage of total count
                 A         B        C        D         E       F
            +---------+---------+-------+---------+---------+-------
      Total |    6909 |    4933 |  41.7 |     146 |      49 |  25.1
            +---------+---------+-------+---------+---------+-------
        D:1 |      27 |       3 |  10.0 |      12 |       2 |  14.3
        D:2 |      31 |       5 |  13.9 |      14 |       3 |  17.6
        D:3 |     101 |      35 |  25.7 |      13 |       1 |   7.1
        D:4 |     439 |       0 |   0.0 |      13 |       0 |   0.0
        D:5 |     437 |      66 |  13.1 |      19 |       2 |   9.5
        D:6 |     492 |     202 |  29.1 |      19 |       1 |   5.0
        D:7 |    1321 |       0 |   0.0 |      26 |       0 |   0.0
        D:8 |    1742 |     276 |  13.7 |      19 |      10 |  34.5
        D:9 |     120 |    1699 |  93.4 |       1 |      13 |  92.9
     Lair:1 |    2199 |    2647 |  54.6 |      10 |      17 |  63.0
            +---------+---------+-------+---------+---------+-------
